[Event "Titled Tuesday Blitz August 02 Early 2022"]
[White "Vachylia, Andrii"]
[Black "Gareyev, Timur"]
[WhiteFideId "14137224"]
[BlackFideId "14200937"]
[WhiteElo "2318"]
[BlackElo "2559"]
[Result "0-1"]
[Round "04"]
[TimeControl "180+1"]
[Date "2022.08.02"]
[WhiteClock "0:00:01"]
[BlackClock "0:00:47"]

1. e4 e5 2. Nf3 Nc6 3. d4 exd4 4. Bc4 Nf6 5. e5 d5 6. Bb5 Ne4 7. Nxd4 Bc5 8. Be3 Bd7 9. Bxc6 bxc6 10. O-O Bb6 11. f3 Ng5 12. f4 c5 13. Nf3 d4 14. Nxg5 dxe3 15. c4 h6 16. Nf3 Bf5 17. Nc3 Bd3 18. Re1 O-O 19. b3 Ba5 20. Rxe3 Bf5 21. Qe2 c6 22. Ne4 Qe7 23. Nd6 Bh7 24. Rd1 Rad8 25. f5 Bc7 26. g4 Rd7 27. h4 Rfd8 28. g5 hxg5 29. hxg5 Bxf5 30. Kf2 Bg4 31. Rg1 Bh5 32. Rh1 Bg4 33. Rg1 Qe6 34. Ne4 Rd4 35. Nxc5 Qf5 36. Ne4 Bb6 37. c5 Rxe4 38. Rxe4 Bxc5+ 39. Kg3 Bxf3 40. Rf1 Qxe4 41. Qxf3 Rd3 0-1


[Site "https://www.chess.com"]

[Event "Titled Tuesday Blitz August 02 Early 2022"]
[White "Vakhlamov, Igor L."]
[Black "Fedoseev, Vladimir"]
[WhiteFideId "24126748"]
[BlackFideId "24130737"]
[WhiteElo "2401"]
[BlackElo "2726"]
[Result "0-1"]
[Round "04"]
[TimeControl "180+1"]
[Date "2022.08.02"]
[WhiteClock "0:00:02"]
[BlackClock "0:00:06"]

1. g3 f5 2. Bg2 Nf6 3. c4 e5 4. Nc3 Bc5 5. e3 Nc6 6. Nge2 e4 7. d4 Be7 8. O-O O-O 9. Nf4 Kh8 10. a3 Na5 11. b3 b6 12. Bb2 Ba6 13. Rc1 Bd6 14. Nfd5 Nxd5 15. Nxd5 c6 16. Nb4 Bb7 17. Na2 b5 18. c5 Be7 19. Bc3 Bf6 20. Rb1 Bc8 21. d5 Nb7 22. b4 a5 23. Bxf6 Qxf6 24. Qb3 Nd8 25. d6 Nf7 26. Rfd1 Ne5 27. Qb2 Bb7 28. Nc1 axb4 29. axb4 Ra4 30. Ne2 Rfa8 31. Nd4 Ra2 32. Qc3 Nc4 33. Bf1 Ne5 34. Rdc1 R8a3 35. Qe1 Qf7 36. Be2 Qd5 37. Ra1 h6 38. Rxa2 Qxa2 39. h4 Qb2 40. Rb1 Qa2 41. Qd1 Nd3 42. Bxd3 exd3 0-1


[Site "https://www.chess.com"]

[Event "Titled Tuesday Blitz August 02 Early 2022"]
[White "Volkov, Maksim"]
[Black "Boros, Denes"]
[WhiteFideId "54123070"]
[BlackFideId "722340"]
[WhiteElo "2155"]
[BlackElo "2464"]
[Result "0-1"]
[Round "04"]
[TimeControl "180+1"]
[Date "2022.08.02"]
[WhiteClock "0:00:07"]
[BlackClock "0:00:34"]

1. d4 d6 2. c4 Nf6 3. Nf3 c6 4. Nc3 Bf5 5. g3 Nbd7 6. Bg2 e5 7. O-O h6 8. Re1 Be7 9. b4 O-O 10. Bb2 e4 11. Nd2 d5 12. c5 a5 13. a3 e3 14. fxe3 Ng4 15. Nf1 Bg5 16. e4 dxe4 17. Nxe4 Bxe4 18. Bxe4 Qe7 19. Qd3 Rfe8 20. Bf3 Ne3 21. Nxe3 Bxe3+ 22. Kg2 Nf6 23. b5 Qe6 24. Bc1 Nd5 25. Bxe3 Nxe3+ 26. Kg1 Rad8 27. Rab1 Qf6 28. bxc6 bxc6 29. Rb6 Rxd4 30. Qc3 Rd1 31. Qxa5 Qd4 32. Kh1 Nc4 33. e3 Nxa5 34. exd4 Rexe1+ 35. Kg2 Rxd4 36. Ra6 Re3 37. Rxa5 Rd2+ 38. Kh3 Rxf3 39. Ra8+ Kh7 40. Re8 Rff2 41. Kg4 Rd4+ 42. Kh3 g5 43. Rd8 g4+ 44. Kh4 Rxh2# 0-1


[Site "https://www.chess.com"]

[Event "Titled Tuesday Blitz August 02 Early 2022"]
[White "Weetik, Vjacheslav"]
[Black "Blanco Ronquillo, Humberto L."]
[WhiteFideId "4153472"]
[BlackFideId "3504239"]
[WhiteElo "2469"]
[BlackElo "2423"]
[Result "1-0"]
[Round "04"]
[TimeControl "180+1"]
[Date "2022.08.02"]
[WhiteClock "0:00:04"]
[BlackClock "0:00:04"]

1. d4 d5 2. Bf4 Nf6 3. e3 e6 4. Nd2 Bd6 5. c3 O-O 6. Ngf3 c5 7. Bg3 Qc7 8. dxc5 Qxc5 9. c4 Nc6 10. a3 Bxg3 11. hxg3 a5 12. Bd3 Rd8 13. Qc2 h6 14. O-O-O dxc4 15. Nxc4 Bd7 16. Nce5 Qe7 17. Kb1 Nxe5 18. Nxe5 Rac8 19. Qe2 Ba4 20. Rc1 Rxc1+ 21. Rxc1 Qd6 22. f4 Bb3 23. g4 Nd5 24. g5 hxg5 25. Qh5 g6 26. Bxg6 Nf6 27. Bxf7+ Kf8 28. Qxg5 Qd1 29. Ng6+ Kg7 30. Ne5+ Kf8 31. Qh6+ Ke7 32. Ng6+ Kxf7 33. Ne5+ Ke7 34. Qg7+ Kd6 35. Rxd1+ Bxd1 36. Qxf6 Rc8 37. b4 Bc2+ 38. Kb2 axb4 39. axb4 Be4 40. Nf7+ Kd7 41. Qd4+ Ke7 42. Nd6 Rd8 43. Nxe4 Rd6 44. Qxd6+ 1-0


[Site "https://www.chess.com"]

[Event "Titled Tuesday Blitz August 02 Early 2022"]
[White "Xu, Yi"]
[Black "Bortnyk, Olexandr"]
[WhiteFideId "8605564"]
[BlackFideId "14120828"]
[WhiteElo "2471"]
[BlackElo "2723"]
[Result "1/2-1/2"]
[Round "04"]
[TimeControl "180+1"]
[Date "2022.08.02"]
[WhiteClock "0:00:06"]
[BlackClock "0:00:01"]

1. e4 Nf6 2. e5 Nd5 3. d4 d6 4. c4 Nb6 5. f4 dxe5 6. fxe5 Nc6 7. Be3 Bf5 8. Nc3 e6 9. Nf3 Bb4 10. Be2 Na5 11. c5 Nd5 12. Bd2 Bxc3 13. bxc3 b6 14. c4 Ne7 15. Bxa5 bxa5 16. O-O O-O 17. Bd3 Rb8 18. Qd2 c6 19. Bxf5 Nxf5 20. Rab1 Qc7 21. g4 Rxb1 22. Rxb1 Ne7 23. Ng5 Ng6 24. Ne4 Qd8 25. Qf2 f5 26. exf6 gxf6 27. Nd6 f5 28. gxf5 exf5 29. Rb7 Qg5+ 30. Kh1 Qc1+ 31. Qg1 Qd2 32. h4 f4 33. h5 f3 34. hxg6 Qh6+ 35. Qh2 Qc1+ 36. Qg1 Qh6+ 37. Qh2 Qxg6 38. Rb2 Kh8 39. Qg1 Qh6+ 40. Rh2 Qf4 41. Qb1 h6 42. Ne4 Rb8 43. Qg1 Rg8 44. Qb1 Rb8 45. Qg1 Rg8 46. Qb1 Rb8 1/2-1/2


[Site "https://www.chess.com"]

[Event "Titled Tuesday Blitz August 02 Early 2022"]
[White "Zhigalko, Sergei"]
[Black "Goldin, Alexander"]
[WhiteFideId "13502956"]
[BlackFideId "2019540"]
[WhiteElo "2662"]
[BlackElo "2659"]
[Result "1-0"]
[Round "04"]
[TimeControl "180+1"]
[Date "2022.08.02"]
[WhiteClock "0:00:06"]
[BlackClock "0:00:04"]

1. e4 e5 2. Nf3 Nc6 3. Bc4 Be7 4. d4 d6 5. O-O Nf6 6. Re1 O-O 7. dxe5 Nxe5 8. Nxe5 dxe5 9. Qf3 c6 10. a4 a5 11. Nd2 Ne8 12. Ba2 Nd6 13. Nf1 Bg5 14. h3 Qe7 15. Bxg5 Qxg5 16. Rad1 Qe7 17. Qa3 Rd8 18. Rd3 b6 19. Red1 c5 20. Ne3 Ba6 21. Nd5 Qf8 22. Rf3 Nc4 23. Qc3 Nd6 24. Qxe5 Bc4 25. Ne7+ Kh8 26. Rxd6 Rxd6 27. Qxd6 Bxa2 28. Nf5 Bb1 29. Qxf8+ Rxf8 30. Rc3 Rd8 31. Ne3 Rd4 32. Rb3 Rb4 33. Rxb4 cxb4 34. b3 Kg8 35. Kf1 Kf8 36. Ke2 b5 37. axb5 a4 38. bxa4 Ba2 39. Kd3 Ke7 40. Nd5+ Kd6 41. Nxb4 Be6 42. Kd4 Kc7 43. Nd3 Kb6 44. c4 Ka5 45. Nc5 Bc8 46. e5 Kb4 47. b6 1-0


[Site "https://www.chess.com"]

[Event "Titled Tuesday Blitz August 02 Early 2022"]
[White "Abdrlauf, Elham"]
[Black "Averjanov, Alexey"]
[WhiteFideId "1533533"]
[BlackFideId "14109867"]
[WhiteElo "2429"]
[BlackElo "2655"]
[Result "1-0"]
[Round "05"]
[TimeControl "180+1"]
[Date "2022.08.02"]
[WhiteClock "0:00:06"]
[BlackClock "0:00:03"]

1. e4 c6 2. d4 d5 3. Nc3 dxe4 4. Nxe4 Bf5 5. Ng3 Bg6 6. h4 h6 7. Nf3 Nd7 8. h5 Bh7 9. Bd3 Bxd3 10. Qxd3 e6 11. Bd2 Ngf6 12. O-O-O Be7 13. Qe2 O-O 14. Nf1 c5 15. dxc5 Qc7 16. g4 Qxc5 17. g5 hxg5 18. h6 Rac8 19. Be3 Qf5 20. hxg7 Kxg7 21. Ng3 Qg6 22. Bxg5 Rh8 23. Rxh8 Kxh8 24. Rxd7 Nxd7 25. Bxe7 Kg8 26. a3 Qg4 27. Qe4 Qxe4 28. Nxe4 Kg7 29. Nd6 Rb8 30. Bh4 b6 31. Bg3 Rd8 32. Nb5 a6 33. Nbd4 b5 34. Nc6 Rh8 35. b4 Rh1+ 36. Kb2 f6 37. Nfd4 e5 38. Ne6+ Kf7 39. Nc7 Nb6 40. Nxa6 Na4+ 41. Ka2 Nc3+ 42. Kb3 Na4 43. c3 Rb1+ 44. Kc2 Rb2+ 45. Kd3 Rb3 46. Na7 Rxc3+ 47. Kd2 Rxa3 48. Nxb5 Rb3 49. Kc2 Rb2+ 50. Kd3 Rb3+ 51. Kc4 Rb1 52. Nc5 Nb2+ 53. Kd5 Nd1 54. Nd6+ Kg6 55. b5 Rb2 56. Kc6 Nxf2 57. Bxf2 Rxf2 58. b6 Rb2 59. Nb5 Rh2 60. b7 Rh8 61. Nd7 Rd8 62. Nd6 Rf8 63. Nxf8+ Kh5 64. b8=Q e4 65. Qe8+ Kg4 66. Qxe4+ Kh5 67. Qf5+ Kh4 68. Ng6+ Kg3 69. Qf4+ Kg2 70. Nh4+ Kh3 71. Ne4 f5 72. Qg3# 1-0


[Site "https://www.chess.com"]

[Event "Titled Tuesday Blitz August 02 Early 2022"]
[White "Aditya Mittal"]
[Black "Janaszak, Dawid"]
[WhiteFideId "35042025"]
[BlackFideId "1119206"]
[WhiteElo "2303"]
[BlackElo "2199"]
[Result "1-0"]
[Round "05"]
[TimeControl "180+1"]
[Date "2022.08.02"]
[WhiteClock "0:01:45"]
[BlackClock "0:00:36"]

1. d4 e6 2. c4 Bb4+ 3. Bd2 a5 4. Nf3 Nf6 5. a3 Bxd2+ 6. Qxd2 b6 7. Nc3 Bb7 8. Qf4 O-O 9. e4 d6 10. O-O-O b5 11. cxb5 Nbd7 12. h4 e5 13. dxe5 dxe5 14. Nxe5 Qc8 15. Nxd7 Nxd7 16. Qf5 Rd8 17. Bc4 Nf6 18. Rxd8+ Qxd8 19. e5 Qd7 20. Qxd7 Nxd7 21. e6 Ne5 22. exf7+ Kf8 23. Bd5 Bxd5 24. Nxd5 Re8 25. fxe8=Q+ 1-0


[Site "https://www.chess.com"]

[Event "Titled Tuesday Blitz August 02 Early 2022"]
[White "Andreikin, Dmitry"]
[Black "Chigaev, Maksim"]
[WhiteFideId "4158814"]
[BlackFideId "4108116"]
[WhiteElo "2736"]
[BlackElo "2438"]
[Result "1-0"]
[Round "05"]
[TimeControl "180+1"]
[Date "2022.08.02"]
[WhiteClock "0:00:45"]
[BlackClock "0:00:02"]

1. d4 Nf6 2. c4 g6 3. Nc3 Bg7 4. e4 d6 5. h3 O-O 6. Be3 Nc6 7. d5 Ne5 8. f4 Ned7 9. Be2 c6 10. Nf3 cxd5 11. cxd5 b5 12. a3 Nc5 13. Nd2 a5 14. O-O e6 15. dxe6 Bxe6 16. Bxb5 a4 17. f5 Bd7 18. e5 Bxb5 19. exf6 Bxf1 20. fxg7 Re8 21. Bxc5 Bxg2 22. fxg6 hxg6 23. Qg4 dxc5 24. Qxg2 Qd4+ 25. Kh1 Kxg7 26. Rf1 Rad8 27. Nf3 Qc4 28. Ng5 Rd7 29. Qf2 f5 30. Qg2 Rd2 31. Qb7+ Kh6 32. Qh7+ Kxg5 33. Rg1+ Kf4 34. Qh4+ 1-0


[Site "https://www.chess.com"]

[Event "Titled Tuesday Blitz August 02 Early 2022"]
[White "Boros, Denes"]
[Black "Melikyan, Gnel"]
[WhiteFideId "722340"]
[BlackFideId "54109990"]
[WhiteElo "2464"]
[BlackElo "1772"]
[Result "1-0"]
[Round "05"]
[TimeControl "180+1"]
[Date "2022.08.02"]
[WhiteClock "0:00:14"]
[BlackClock "0:00:05"]

1. e4 e5 2. Nc3 Nc6 3. Nf3 Nf6 4. g3 Bb4 5. Bg2 O-O 6. O-O Bxc3 7. dxc3 Nxe4 8. Qe2 Nc5 9. Nxe5 Qe7 10. Re1 Re8 11. b4 Na4 12. Bf4 d6 13. Qb5 Nxc3 14. Qc4 Nxe5 15. Qxc3 c6 16. Rad1 Bf5 17. h3 Rad8 18. g4 Bg6 19. Bg3 Qc7 20. f4 Nd7 21. f5 Ne5 22. Kh2 f6 23. fxg6 hxg6 24. Qd4 d5 25. Qxa7 Kf7 26. b5 Rd7 27. Re3 Rde7 28. Rde1 Qd6 29. Qd4 c5 30. Qxd5+ 1-0


[Site "https://www.chess.com"]

[Event "Titled Tuesday Blitz August 02 Early 2022"]
[White "Bortnyk, Olexandr"]
[Black "Weetik, Vjacheslav"]
[WhiteFideId "14120828"]
[BlackFideId "4153472"]
[WhiteElo "2723"]
[BlackElo "2469"]
[Result "1-0"]
[Round "05"]
[TimeControl "180+1"]
[Date "2022.08.02"]
[WhiteClock "0:01:20"]
[BlackClock "0:00:03"]

1. e4 c6 2. d4 d5 3. Nc3 dxe4 4. Nxe4 Nf6 5. Nxf6+ exf6 6. c3 Bd6 7. Bd3 O-O 8. Qc2 Re8+ 9. Ne2 h5 10. O-O h4 11. Nf4 Qc7 12. g3 Nd7 13. Qd1 Nf8 14. Qh5 g5 15. Ng2 Kg7 16. Nxh4 gxh4 17. Bh6+ Kg8 18. gxh4 Bh3 19. Kh1 Ng6 20. Rg1 f5 21. Bc4 1-0


[Site "https://www.chess.com"]

[Event "Titled Tuesday Blitz August 02 Early 2022"]
[White "Concio, Michael Jr."]
[Black "Gareyev, Timur"]
[WhiteFideId "5217873"]
[BlackFideId "14200937"]
[WhiteElo "1896"]
[BlackElo "2559"]
[Result "0-1"]
[Round "05"]
[TimeControl "180+1"]
[Date "2022.08.02"]
[WhiteClock "0:00:02"]
[BlackClock "0:00:25"]

1. e4 c5 2. c4 Nc6 3. Nc3 e6 4. g3 h5 5. h4 Nf6 6. Bg2 Ng4 7. d3 a6 8. a4 b6 9. Nge2 Bb7 10. O-O Qc7 11. b3 Nb4 12. Na2 Nc6 13. Bb2 Bd6 14. d4 cxd4 15. Nxd4 Bc5 16. Nxc6 Qxg3 17. Be5 Bxf2+ 18. Rxf2 Qxf2+ 19. Kh1 Qxh4+ 20. Kg1 Qf2+ 21. Kh1 Bxc6 22. Bd6 Qxg2+ 23. Kxg2 Ne3+ 24. Kg3 Nxd1 25. Rxd1 Bxe4 26. Re1 h4+ 27. Kh2 f5 28. Nc3 Bc6 29. Be5 Kf7 30. Rg1 Rag8 31. Rg5 g6 32. Bxh8 Rxh8 33. Ne2 Kf6 34. Rg1 g5 35. b4 g4 36. b5 g3+ 37. Kh3 axb5 38. axb5 Bf3 39. Nf4 e5 40. Nd5+ Kg5 41. Rf1 Bxd5 42. cxd5 Rc8 43. Re1 Rc2 0-1


[Site "https://www.chess.com"]

[Event "Titled Tuesday Blitz August 02 Early 2022"]
[White "Dimitrov, Atanas"]
[Black "Alekseenko, Kirill"]
[WhiteFideId "2901315"]
[BlackFideId "4135539"]
[WhiteElo "2673"]
[BlackElo "2682"]
[Result "0-1"]
[Round "05"]
[TimeControl "180+1"]
[Date "2022.08.02"]
[WhiteClock "0:00:32"]
[BlackClock "0:00:27"]

1. Nf3 c5 2. c4 Nc6 3. Nc3 Nd4 4. e3 Nxf3+ 5. Qxf3 g6 6. b3 Bg7 7. Bb2 Nh6 8. Be2 O-O 9. O-O d6 10. h3 Rb8 11. Rad1 Nf5 12. Bd3 Bd7 13. Bxf5 Bxf5 14. d4 cxd4 15. exd4 a6 16. Rfe1 b5 17. Nd5 Be6 18. Bc3 bxc4 19. bxc4 Bxd5 20. Qxd5 e6 21. Qc6 Qc8 22. Qa4 d5 23. c5 Rb5 24. Rc1 Qc6 25. Bd2 Rfb8 26. Bf4 R8b7 27. Be5 Bh6 28. Rc2 Bg5 29. Kh2 Be7 30. Qa3 Rb4 31. Qd3 R7b5 32. Rec1 a5 33. Rc3 Rb7 34. R1c2 a4 35. g4 Bd8 36. Qe3 Bc7 37. f4 Rb2 38. Kg3 a3 39. Bxc7 Qxc7 40. h4 h6 41. Qd3 g5 42. hxg5 hxg5 43. Rxa3 Qxf4+ 44. Kh3 Rb1 45. Qf3 Qxd4 46. c6 Qh8+ 47. Kg2 Qh1+ 48. Kg3 Rg1+ 0-1


[Site "https://www.chess.com"]

[Event "Titled Tuesday Blitz August 02 Early 2022"]
[White "Drygalov, Sergey"]
[Black "Ajay, Karthikeyan"]
[WhiteFideId "24171743"]
[BlackFideId "35011685"]
[WhiteElo "2523"]
[BlackElo "2183"]
[Result "0-1"]
[Round "05"]
[TimeControl "180+1"]
[Date "2022.08.02"]
[WhiteClock "0:00:08"]
[BlackClock "0:00:19"]

1. d4 Nf6 2. c4 g6 3. Nc3 Bg7 4. e4 d6 5. Be2 O-O 6. Be3 Na6 7. h4 c5 8. d5 h5 9. Qd2 e6 10. dxe6 Bxe6 11. Nh3 Bxh3 12. Rxh3 Re8 13. f3 Nb4 14. a3 Nc6 15. O-O-O Nd4 16. Kb1 a6 17. Bxd4 cxd4 18. Nd5 Nxd5 19. cxd5 Rc8 20. Bd3 Be5 21. g4 hxg4 22. fxg4 Kg7 23. Rf1 Rh8 24. Rhf3 Rc7 25. h5 Qh4 26. Qg2 Qg5 27. Qf2 f6 28. hxg6 Kxg6 29. Qe1 Rh2 30. Qa5 Qd2 31. Qb6 Rc2 32. Bxc2 Qxc2+ 33. Ka1 d3 34. Rb1 d2 35. Rff1 Rh3 36. Qa5 Rb3 37. Rxf6+ Bxf6 38. e5 Bxe5 0-1


[Site "https://www.chess.com"]

[Event "Titled Tuesday Blitz August 02 Early 2022"]
[White "Fedoseev, Vladimir"]
[Black "Ohanyan, Emin"]
[WhiteFideId "24130737"]
[BlackFideId "13312022"]
[WhiteElo "2726"]
[BlackElo "1927"]
[Result "1-0"]
[Round "05"]
[TimeControl "180+1"]
[Date "2022.08.02"]
[WhiteClock "0:00:34"]
[BlackClock "0:00:04"]

1. e4 e5 2. Nf3 Nc6 3. Bc4 Nf6 4. d3 Bc5 5. Nc3 d6 6. Na4 Bb6 7. Nxb6 axb6 8. a3 O-O 9. h3 Be6 10. Bxe6 fxe6 11. O-O Qe8 12. Re1 Qh5 13. Be3 h6 14. c3 Kh8 15. Qe2 Rf7 16. Rad1 Raf8 17. d4 Kg8 18. dxe5 Nxe5 19. Nxe5 Qxe5 20. Bd4 Qg5 21. e5 dxe5 22. Qxe5 Qxe5 23. Bxe5 b5 24. Rd4 Nd5 25. Bg3 c6 26. Rxe6 Nb6 27. Re2 Ra8 28. f3 Nc4 29. Bf2 Raf8 30. a4 Ra8 31. axb5 cxb5 32. Rd5 Ra5 33. b3 Ra1+ 34. Kh2 Na3 35. Bc5 Nb1 36. Re1 Nxc3 37. Rd8+ 1-0


[Site "https://www.chess.com"]

[Event "Titled Tuesday Blitz August 02 Early 2022"]
[White "Gokerkan, Cem Kaan"]
[Black "Chen, Justin"]
[WhiteFideId "6336760"]
[BlackFideId "2098199"]
[WhiteElo "2364"]
[BlackElo "2289"]
[Result "1-0"]
[Round "05"]
[TimeControl "180+1"]
[Date "2022.08.02"]
[WhiteClock "0:00:16"]
[BlackClock "0:00:01"]

1. e4 e5 2. Nc3 Nc6 3. g3 g6 4. Bg2 Bg7 5. Nge2 Nge7 6. d3 d6 7. O-O O-O 8. f4 f5 9. Be3 fxe4 10. dxe4 Be6 11. Nd5 Qd7 12. c3 Rae8 13. Qd2 Rf7 14. Rad1 Nc8 15. c4 Bh3 16. Ndc3 Bxg2 17. Kxg2 Nb6 18. b3 exf4 19. gxf4 Qe6 20. Ng3 Nd7 21. Nd5 Nf6 22. Nxf6+ Bxf6 23. Rde1 Bh4 24. Bg1 Bf6 25. Qd5 Nd8 26. Qd3 Nc6 27. a3 Qe7 28. Re2 Bg7 29. b4 a6 30. Rd2 Ref8 31. Be3 Bh6 32. Rdf2 Bg7 33. c5 Rd8 34. cxd6 cxd6 35. Qd5 Re8 36. Rd2 Rd8 37. Bb6 Rd7 38. Be3 Kh8 39. Rfd1 Bf8 40. Qb3 Bg7 41. e5 Qe6 42. Qxe6 1-0


[Site "https://www.chess.com"]

[Event "Titled Tuesday Blitz August 02 Early 2022"]
[White "Goltsev, Dmitry"]
[Black "Steinberg, Nitzan"]
[WhiteFideId "24176710"]
[BlackFideId "2801795"]
[WhiteElo "2258"]
[BlackElo "2471"]
[Result "0-1"]
[Round "05"]
[TimeControl "180+1"]
[Date "2022.08.02"]
[WhiteClock "0:00:28"]
[BlackClock "0:01:20"]

1. e4 g6 2. Nf3 Bg7 3. Nc3 d6 4. d4 a6 5. a4 Nf6 6. Be2 O-O 7. h3 Nc6 8. e5 dxe5 9. Nxe5 Nxd4 10. Bc4 Bf5 11. Bd3 Nd7 12. Bxf5 Nxe5 13. Be4 c6 14. g3 Qd7 15. Bg2 Qf5 16. Be4 Qe6 17. Kf1 Rad8 18. Qe1 f5 19. Bd3 Nxd3 20. Qxe6+ Nxe6 21. cxd3 Rxd3 22. Ke2 Rfd8 23. Re1 Kf7 24. Be3 Rxc3 25. bxc3 Bxc3 26. Rab1 Bxe1 27. Kxe1 Rd7 28. a5 Nf8 29. Ke2 e5 30. f4 exf4 31. gxf4 Ne6 32. Kf3 Ng7 33. h4 Nh5 34. Bc5 Nf6 35. Rb3 Ne4 36. Be3 Nd6 37. Bc5 Nc4 38. Bb4 Rd5 39. Rb1 Rb5 40. h5 c5 41. hxg6+ hxg6 42. Rc1 Rxb4 43. Kg3 Nd6 44. Rd1 Rd4 45. Rb1 c4 46. Kh4 Rxf4+ 47. Kg5 Rg4+ 48. Kh6 Kf6 49. Kh7 c3 50. Rc1 Rc4 51. Kg8 Ke5 52. Kg7 c2 53. Kf8 f4 54. Ke7 Ne4 55. Kd7 f3 56. Ke7 f2 57. Ke8 g5 58. Ke7 g4 59. Kf7 g3 60. Kg6 g2 61. Kh5 f1=Q 62. Kh4 Qxc1 63. Kh3 g1=Q 64. Kh4 Qh6# 0-1


[Site "https://www.chess.com"]

[Event "Titled Tuesday Blitz August 02 Early 2022"]
[White "Gurel, Ediz"]
[Black "Martinez Alcantara, Jose Eduardo"]
[WhiteFideId "44507356"]
[BlackFideId "3805662"]
[WhiteElo "1894"]
[BlackElo "2703"]
[Result "0-1"]
[Round "05"]
[TimeControl "180+1"]
[Date "2022.08.02"]
[WhiteClock "0:00:02"]
[BlackClock "0:00:06"]

1. e4 Nc6 2. d4 d5 3. e5 Bf5 4. Nf3 e6 5. Bd3 Nge7 6. O-O Bxd3 7. Qxd3 Ng6 8. Be3 Qd7 9. c3 f6 10. exf6 gxf6 11. Re1 Be7 12. Nbd2 O-O-O 13. b4 Bd6 14. Nb3 Kb8 15. Nc5 Bxc5 16. bxc5 Ka8 17. Rab1 e5 18. Qb5 Rb8 19. dxe5 fxe5 20. Red1 Rhd8 21. Bg5 Rg8 22. Qb3 e4 23. Rxd5 Qe6 24. Nd4 Nxd4 25. Rxd4 Qc6 26. Qd5 Qa6 27. Be3 Nh4 28. Kh1 Nxg2 29. Qxe4 Nxe3 30. fxe3 Rbf8 31. Rdd1 c6 32. Qe7 Rb8 33. Rg1 Rge8 34. Qd7 Qe2 35. Rg2 Qf3 36. Qxh7 Rxe3 37. Rg1 Rxc3 38. Qh4 Rxc5 39. Qb4 Rb5 40. Qh4 Rh5 41. Qd4 a6 42. a4 Rbh8 43. Qd6 Rxh2+ 44. Qxh2 Rxh2+ 45. Kxh2 Qf4+ 46. Rg3 Qxa4 47. Rg8+ Ka7 48. R8g4 Qc2+ 49. R1g2 Qc5 50. Rg7 Qd6+ 51. Kg1 c5 52. Rf2 Qd4 53. Rh7 c4 54. Rh2 c3 55. Kf1 Qd1+ 0-1


[Site "https://www.chess.com"]

[Event "Titled Tuesday Blitz August 02 Early 2022"]
[White "Harmon-Vellotti, Luke"]
[Black "Aradhya, Garg"]
[WhiteFideId "2030012"]
[BlackFideId "25006746"]
[WhiteElo "2354"]
[BlackElo "2203"]
[Result "0-1"]
[Round "05"]
[TimeControl "180+1"]
[Date "2022.08.02"]
[WhiteClock "0:00:15"]
[BlackClock "0:00:32"]

1. e4 e5 2. Nf3 Nc6 3. Bb5 a6 4. Ba4 Nf6 5. O-O Be7 6. d4 exd4 7. Re1 d6 8. Nxd4 Bd7 9. Nxc6 Bxc6 10. Bxc6+ bxc6 11. Nc3 O-O 12. Bf4 Nd7 13. Qd2 Bf6 14. Rad1 Re8 15. f3 a5 16. b3 Qb8 17. Na4 Nb6 18. Nxb6 Qxb6+ 19. Be3 Qb4 20. Qf2 c5 21. a4 c4 22. Bd2 Qa3 23. Rb1 Reb8 24. Qe3 Qa2 25. Rec1 Bb2 26. Rd1 cxb3 27. cxb3 Qxb3 28. Qxb3 Rxb3 29. Kf1 Kf8 30. Bc1 Rab8 31. Bxb2 Rxb2 32. Rxb2 Rxb2 33. Rd5 Ke7 34. Rxa5 Ra2 35. h4 Kd7 36. e5 dxe5 37. Rxe5 Rxa4 38. h5 Rd4 39. Ke2 Rd6 40. Ra5 Kc6 41. g4 Kb6 42. Ra8 g6 43. hxg6 hxg6 44. Rf8 Rd7 45. Rb8+ Kc5 46. Ke3 Kc4 47. f4 Re7+ 48. Kf3 c5 49. f5 gxf5 50. gxf5 Kd3 51. Rd8+ Kc3 52. Kf4 c4 53. f6 Rc7 54. Re8 Rc6 55. Kf5 Kd2 56. Re7 c3 57. Rxf7 c2 58. Rd7+ Ke2 59. Re7+ Kd2 60. Rd7+ Kc3 0-1


[Site "https://www.chess.com"]

[Event "Titled Tuesday Blitz August 02 Early 2022"]
[White "Ismayil, Malak"]
[Black "Shipov, Sergei"]
[WhiteFideId "13412604"]
[BlackFideId "4113624"]
[WhiteElo "1879"]
[BlackElo "2780"]
[Result "0-1"]
[Round "05"]
[TimeControl "180+1"]
[Date "2022.08.02"]
[WhiteClock "0:00:02"]
[BlackClock "0:00:25"]

1. e4 c5 2. Nf3 d6 3. Bb5+ Bd7 4. Bxd7+ Qxd7 5. O-O Nf6 6. Qe2 Nc6 7. Rd1 e6 8. d4 cxd4 9. Nxd4 a6 10. c4 Rc8 11. Nc3 Be7 12. b3 O-O 13. Bb2 Qc7 14. h3 Rfe8 15. Rac1 Qa5 16. Ba1 h6 17. Kh1 Nxd4 18. Rxd4 b5 19. cxb5 axb5 20. b4 Qb6 21. Rdd1 Rb8 22. f4 Rec8 23. Qd3 Rc4 24. a4 Rxb4 25. axb5 h5 26. Qf3 h4 27. e5 Ne8 28. Rb1 Rc4 29. Ne4 d5 30. Nd2 Ra4 31. f5 Bg5 32. fxe6 Qxe6 33. Nf1 Nc7 34. Qb3 Ra5 35. b6 Na6 36. Bc3 Rc5 37. Bd4 Rc4 38. Ne3 Bxe3 39. Qxe3 Nb4 40. Qe1 Nc6 41. Ba1 Re4 42. Qd2 d4 43. b7 Qxe5 44. Rdc1 Re2 45. Qd1 Qe4 46. Qg1 d3 47. Re1 Rxb7 48. Rxe2 dxe2 49. Rxb7 e1=Q 0-1


[Site "https://www.chess.com"]

[Event "Titled Tuesday Blitz August 02 Early 2022"]
[White "Itgelt, Khuyagtsogt"]
[Black "Hakobyan, Aram"]
[WhiteFideId "4902912"]
[BlackFideId "13306677"]
[WhiteElo "2012"]
[BlackElo "2557"]
[Result "0-1"]
[Round "05"]
[TimeControl "180+1"]
[Date "2022.08.02"]
[WhiteClock "0:00:20"]
[BlackClock "0:02:12"]

1. d4 Nf6 2. c4 e6 3. Nf3 b6 4. g3 Bb7 5. Bg2 g6 6. O-O Bg7 7. Nc3 Ne4 8. Qc2 Nxc3 9. bxc3 O-O 10. e4 d6 11. h4 Nd7 12. Re1 e5 13. a4 a5 14. Ba3 Qe7 15. Rab1 Rfe8 16. h5 exd4 17. cxd4 Bxe4 18. Rxe4 Qxe4 19. Qxe4 Rxe4 20. Ng5 Ree8 21. Bxa8 Rxa8 22. Re1 Bf6 23. Nf3 gxh5 24. Bc1 Nf8 25. d5 Nd7 26. Ba3 Kf8 27. Kf1 Re8 28. Rxe8+ Kxe8 29. Ke2 Kf8 30. Ke3 Kg7 31. Ke4 Kg6 32. Nh2 h4 33. gxh4 Bxh4 34. f4 f5+ 35. Kf3 Bf6 36. Nf1 h5 37. Ne3 h4 38. Kg2 Bd4 39. Nf1 Nf6 0-1


[Site "https://www.chess.com"]

[Event "Titled Tuesday Blitz August 02 Early 2022"]
[White "Jakubowski, Krzysztof"]
[Black "Pranav Anand"]
[WhiteFideId "1112848"]
[BlackFideId "46626786"]
[WhiteElo "2365"]
[BlackElo "2259"]
[Result "0-1"]
[Round "05"]
[TimeControl "180+1"]
[Date "2022.08.02"]
[WhiteClock "0:00:01"]
[BlackClock "0:00:19"]

1. e4 b6 2. d4 Bb7 3. Bd3 e6 4. Qe2 Be7 5. c4 d6 6. f4 Nf6 7. Nc3 c5 8. d5 exd5 9. exd5 O-O 10. Nf3 Re8 11. O-O Bf8 12. Qc2 Na6 13. a3 Nc7 14. Ng5 g6 15. f5 Bg7 16. Nxf7 Kxf7 17. fxg6+ hxg6 18. Bxg6+ Kg8 19. Bxe8 Ncxe8 20. Bg5 Qd7 21. Rae1 Qg4 22. Qg6 Qh5 23. Qf5 Bc8 24. Qf4 Qg6 25. Bxf6 Nxf6 26. Qxd6 Bh3 27. Qg3 Qxg3 28. hxg3 Bg4 29. Re7 Nh5 30. Rfe1 Nxg3 31. Re8+ Rxe8 32. Rxe8+ Kf7 33. Ra8 Bd4+ 34. Kh2 Nf1+ 35. Kh1 Ng3+ 36. Kh2 Nf1+ 37. Kh1 Ne3 38. Nb5 Nxc4 39. Rxa7+ Kf6 40. d6 Ne5 41. Rb7 Nd7 42. b4 Be3 43. Nc3 Ke5 44. bxc5 Bxc5 45. a4 Bxd6 46. a5 bxa5 47. Rb5+ Kd4 48. Rxa5 Kxc3 49. Rd5 Bg3 50. Rg5 Ne5 51. Rg8 Kd4 52. Rf8 Ke4 53. Kg1 Bf4 54. Kf2 Nd3+ 55. Kg1 Be3+ 56. Kh2 Bf4+ 57. Kg1 Be5 58. Kf1 Nf4 59. Kf2 Be6 60. Re8 Bd5 61. Kg3 Ne2+ 62. Kf2 Nf4 63. Kg3 Nh5+ 64. Kh4 Nf6 65. Rc8 Kf5 0-1


[Site "https://www.chess.com"]